Map: I have heard your counsel

Players

FürAiur - Winner!

  • Race: Zerg Zerg
  • League: Bronze

TurboSwag

  • Race: Protoss Protoss
  • League: Grandmaster

VOD

Have the link to the VOD?

Description

Time

  • Played on: Aug. 22, 2015, 3:05 a.m.
  • Length: 10:41
Show
View Real Time Build Order
Export as new Build Order

FürAiur Zerg - Winner!

Build Orders: Hatch First 

Get SALT Encoding   

  12  0:01  Drone  
  13  0:12  Overlord  
  13  0:18  Drone  
  14  0:24  Extractor  
  14  0:25  Drone  
  15  0:35  Drone  
  16  0:37  Drone  
  17  0:52  Drone  
  18  1:00  Hatchery  
  17  1:04  Drone  
  18  1:16  Spawning Pool  
  17  1:19  Extractor  
  17  1:20  Drone  
  17  1:30  Drone x2  
  19  1:45  Drone  
  20  1:55  Drone  
  20  2:00  Hatchery  
  20  2:05  Queen  
  22  2:10  Overlord  
  22  2:17  Overlord  
  22  2:27  Zergling x4  
  24  2:34  Queen  
  26  2:42  Drone x2  
  28  2:54  Drone  
  28  2:57  Drone x4  
  33  3:02  Extractor  
  32  3:06  Metabolic Boost  
  32  3:15  Drone  
  32  3:17  Queen  
  32  3:19  Drone  
  36  3:26  Drone  
  37  3:38  Roach Warren  
  37  3:39  Drone  
  37  3:40  Drone x4  
  41  3:43  Drone  
  42  3:54  Drone x2  
  42  3:55  Drone  
  45  4:01  Drone x3  
  48  4:05  Extractor  
  48  4:08  Extractor  
  48  4:09  Overlord x2  
  44  4:21  Overlord x2  
  44  4:28  Lair  
  44  4:33  Drone x3  
  44  4:34  Drone  
  44  4:35  Drone  
  44  4:36  Drone x2  
  51  4:48  Spore Crawler  
  51  4:51  Spore Crawler  
  49  4:53  Spore Crawler  
  49  4:57  Drone x4  
  49  4:59  Drone  
  53  5:06  Roach x5  
  63  5:08  Roach  
  65  5:17  Zergling x2  
  65  5:18  Zergling x8  
  70  5:23  Queen  
  72  5:28  Overlord x2  
  72  5:31  Queen  
  74  5:44  Drone x3  
  74  5:45  Drone x2  
  79  5:54  Glial Reconstitution  
  79  5:55  Hydralisk Den  
  78  5:58  Ravager  
  78  5:59  Ravager  
  78  6:00  Ravager  
  78  6:04  Roach x5  
  87  6:05  Roach x3  
  97  6:14  Overlord  
  97  6:15  Overlord x2  
  97  6:26  Extractor  
  97  6:31  Spine Crawler  
  95  6:34  Spine Crawler  
  95  6:38  Hydralisk x2  
  95  6:39  Hydralisk x5  
  108  6:48  Hydralisk x3  
  114  7:00  Roach x4  
  122  7:03  Overlord x2  
  122  7:18  Overlord x2  
  122  7:23  Hydralisk  
  122  7:24  Hydralisk x4  
  122  7:29  Muscular Augments  
  132  7:35  Overseer  
  132  7:42  Zergling x4  
  132  7:43  Zergling x14  
  141  8:03  Hydralisk x4  
  149  8:09  Hatchery  
  148  8:28  Zergling x2  
  148  8:29  Zergling x10  
  131  9:03  Hydralisk x14  
  131  9:04  Hydralisk  
  132  9:21  Hydralisk  
  132  9:22  Hydralisk x4  
  110  9:49  Zergling x2  
  110  9:50  Zergling x16  
  114  10:04  Zergling x2  
  114  10:05  Zergling x10  
Show
View Real Time Build Order
Export as new Build Order

TurboSwag Protoss 

Build Orders: Nexus First 

Get SALT Encoding   

  12  0:01  Probe  
  13  0:14  Pylon  
  13  0:18  Probe  
  14  0:30  Probe  
  16  0:42  Probe  
  16  0:54  Probe  
  17  1:02  Nexus  
  17  1:07  Probe  
  18  1:15  Gateway  
  18  1:19  Probe  
  18  1:24  Assimilator  
  19  1:30  Assimilator  
  19  1:32  Probe  
  20  1:45  Probe  
  21  1:51  Pylon  
  21  1:57  Probe  
  22  2:05  Cybernetics Core  
  22  2:09  Probe, Zealot  
  25  2:19  Probe  
  26  2:25  Probe  
  26  2:27  Warp Gate  
  27  2:35  Probe  
  28  2:38  Probe  
  28  2:42  Adept  
  31  2:46  Twilight Council  
  31  2:48  Probe  
  32  2:54  Probe  
  33  3:00  Probe  
  34  3:06  Probe  
  34  3:09  Adept  
  34  3:11  Pylon  
  37  3:14  Probe  
  38  3:20  Probe  
  38  3:26  Probe  
  40  3:33  Stargate  
  40  3:35  Probe  
  40  3:41  Gateway  
  41  3:43  Gateway  
  41  3:51  Assimilator  
  41  3:53  Probe x2  
  41  3:55  Adept, Assimilator  
  45  4:05  Shield Upgrade  
  45  4:06  Gateway  
  45  4:07  Probe x2  
  47  4:18  Oracle  
  47  4:19  Probe x2  
  52  4:25  Pylon  
  52  4:27  Pylon  
  52  4:39  Probe x2  
  54  4:51  Robotics Facility  
  54  4:53  Probe x2  
  54  4:54  Oracle, Robotics Facility  
  59  5:15  Nexus  
  59  5:24  Forge  
  59  5:25  Forge  
  59  5:29  Oracle  
  59  5:50  Observer, Pylon  
  59  5:51  Observer, Robotics Bay  
  59  5:53  Pylon  
  59  5:56  Pylon  
  61  6:01  Adept x3, Assimilator  
  61  6:02  Assimilator  
  67  6:11  Adept  
  67  6:18  Photon Cannon  
  69  6:21  Gateway  
  69  6:22  Gateway, Oracle  
  72  6:28  Probe x3  
  75  6:39  Protoss Ground Weapons Level 1  
  75  6:40  Probe, Protoss Ground Armor Level 1  
  75  6:43  Disruptor  
  75  6:46  Disruptor  
  82  6:48  Probe x2  
  82  6:52  Probe  
  85  7:00  Probe x2, Adept x2  
  91  7:04  Probe  
  91  7:08  Photon Cannon  
  92  7:10  Photon Cannon  
  92  7:13  Probe  
  92  7:14  Photon Cannon  
  93  7:16  Probe x2  
  95  7:30  Disruptor x2  
  95  7:33  Probe x3  
  95  7:36  Pylon  
  101  8:06  Disruptor  
  101  8:09  Disruptor  
  101  8:10  Adept  
  101  8:11  Adept x2  
  113  8:14  Probe x2  
  115  8:25  Adept  
  117  8:32  Pylon  
  117  8:37  Pylon  
  117  8:41  Disruptor  
  117  8:50  Disruptor  
  117  8:51  Nexus  
  115  8:58  Adept x2  
  115  8:59  Adept x4  
  95  9:19  Disruptor  
  87  9:26  Adept x5, Disruptor  
  87  9:27  Adept  
  83  9:43  Probe  
  83  9:44  Probe x2  
  79  9:51  Pylon  
  72  9:52  Pylon  
  72  9:54  Disruptor, Zealot x4  
  72  9:55  Probe  
  72  9:56  Assimilator  
  80  10:01  Assimilator  
  80  10:02  Pylon  
Tags
 
Add a new tag
Caveats
  • Supply blocks, unpowered buildings, or Contaminate may cause inaccurate times.
  • Supply counts are checked every 10 seconds.